 Dungeon Crawl Stone Soup version 0.27.1-35-g4d5d836560 (console) character file.

Game seed: 6011067639838279549

4032 grimtooth the Frost Mage (level 10, -6/60 HPs)
             Began as a Gargoyle Ice Elementalist on Aug 10, 2022.
             Was a Follower of Sif Muna.
             Mangled by an eight-headed hydra (7 damage)
             ... on level 7 of the Dungeon.
             The game lasted 00:47:12 (7963 turns).

grimtooth the Frost Mage (GrIE)                     Turns: 7963, Time: 00:47:13

Health: -6/60      AC: 14    Str: 13    XL:     10   Next: 24%
Magic:  8/25       EV: 11    Int: 24    God:    Sif Muna [*.....]
Gold:   346        SH:  0    Dex: 10    Spells: 6/17 levels left

rFire    . . .     SeeInvis .   s - +1 dagger (elec)
rCold    . . .     Faith    .   (no shield)
rNeg     + . .     Spirit   .   n - +2 animal skin
rPois    ∞         Reflect  .   m - +0 helmet
rElec    +         Harm     .   (no cloak)
rCorr    .         Rampage  .   v - +1 pair of gloves of the Bull {rPois}
Will     .....                  (no boots)
Stlth    ++........             t - amulet of magic regeneration
HPRegen  0.20/turn              j - ring of magical power
MPRegen  0.44/turn              o - +6 ring of intelligence

@: very slightly contaminated
A: sickness immunity, AC +7, negative energy resistance 1, electricity
resistance, torment resistance 1, petrification resistance
a: Renounce Religion, Channel Magic


You were on level 7 of the Dungeon.
You worshipped Sif Muna.
Sif Muna was aware of your devotion.
You visited 2 branches of the dungeon, and saw 8 of its levels.
You also visited: Sewer and Ossuary.

You collected 346 gold pieces.

Inventory:

Hand Weapons
 a - a +2 whip of freezing
 b - a +0 hunting sling
 e - a +2 dagger of venom
 s - a +1 dagger of electrocution (weapon)
Missiles
 g - 197 stones
 h - 2 throwing nets {=f}
 l - 92 arrows
 y - 62 sling bullets
 E - 23 poisoned darts (quivered)
 O - 3 boomerangs
Armour
 i - a +0 robe
 m - a +0 helmet (worn)
 n - a +2 animal skin (worn)
 v - the +1 pair of gloves of the Bull (worn) {rPois}
   (You found it in a sewer)

   rPois:     It protects you from poison.
 F - a +0 buckler
Jewellery
 j - a ring of magical power (left hand)
 o - a +6 ring of intelligence (right hand)
 t - an amulet of magic regeneration (around neck)
 z - a +6 ring of intelligence
Wands
 u - a wand of polymorph (12)
 w - a wand of iceblast (2)
 D - a wand of charming (5)
 S - a wand of mindburst (18)
Scrolls
 c - 2 scrolls of fear
 d - a scroll of blinking {unknown}
 r - 2 scrolls of amnesia {unknown}
 B - 3 scrolls of teleportation {unknown}
 C - a scroll of enchant armour {unknown}
 K - a scroll of enchant weapon {unknown}
 M - 2 scrolls of fog {unknown}
 N - a scroll of holy word {unknown}
 P - a scroll of immolation {unknown}
 R - a scroll of torment {unknown}
 T - a scroll of silence {unknown}
 U - a scroll of magic mapping {unknown}
Potions
 f - 6 potions of curing {unknown}
 k - a potion of resistance
 p - 4 potions of attraction
 q - 2 potions of flight
 x - a potion of lignification
 A - 2 potions of berserk rage
 G - 3 potions of cancellation
 H - 2 potions of heal wounds {unknown}
 I - a potion of haste
 J - a potion of degeneration {unknown}
 L - a potion of might
 Q - a potion of ambrosia
 V - a potion of mutation {unknown}


   Skills:
 - Level 6.0 Fighting
 + Level 5.2 Short Blades
 + Level 5.7 Maces & Flails
 - Level 1.5 Dodging
 - Level 2.1 Stealth
 - Level 4.0 Spellcasting
 - Level 6.0 Conjurations
 - Level 9.0 Ice Magic


You had 6 spell levels left.
You knew the following spells:

 Your Spells              Type           Power      Damage    Failure   Level
a - Freeze                Ice            100%       1d11      1%          1
b - Ozocubu's Armour      Ice            48%        N/A       1%          3
c - Frozen Ramparts       Ice            96%        1d11      1%          3
d - Hailstorm             Conj/Ice       40%        3d10      4%          4

Your spell library contained the following spells:

 Spells                   Type           Power      Damage    Failure   Level
 Beastly Appendage        Tmut           8%         N/A       10%         1
 Wereblood                Tmut           4%         N/A       14%         2
 Spider Form              Tmut/Pois      2%         N/A       28%         3
 Tukima's Dance           Hex            4%         N/A       28%         3
 Passage of Golubria      Tloc           N/A        N/A       67%         4
 Yara's Violent Unravell  Hex/Tmut       2%         3d3       95%         5


Dungeon Overview and Level Annotations

Branches:
Dungeon (7/15)             Temple (1/1) D:5           Sewer (visited)
Ossuary (visited)

Altars:
Ashenzari
Cheibriados
Dithmenos
Elyvilon
Fedhas
Gozag
Hepliaklqana
Kikubaaqudgha
Makhleb
Nemelex Xobeh
Okawaru
Qazlal
Ru
Sif Muna
Trog
Vehumet
Wu Jian
Xom
Yredelemnul
Zin
The Shining One


Innate Abilities, Weirdness & Mutations

You are immune to sickness and miasma.
Your stone body is resilient. (AC +7)
You are immune to poison.
You resist negative energy. (rN+)
You are resistant to electric shocks. (rElec)
You are resistant to unholy torment.
You are immune to petrification.


Message History

The eight-headed hydra is heavily wounded.
The eight-headed hydra is no longer moving slowly.
Casting: Hailstorm (dangerous; 4% risk of failure)
Confirm with . or Enter, or press ? or * to list all spells.
Casting: Hailstorm (dangerous; 4% risk of failure)
Press: ? - help, Dir - look around, f - activate You miscast Hailstorm.
You are very lightly contaminated with residual magic.
Nothing appears to happen.
Casting: Hailstorm (dangerous; 4% risk of failure)
Confirm with . or Enter, or press ? or * to list all spells.
Aiming: Freeze (safe; 1% risk of failure)
Press: ? - help, Shift-Dir - straight line, f - eight-headed hydra
Aim: an eight-headed hydra (heavily wounded)
Okay, then.
Okay, then.
Aiming: Mindburst
Press: ? - help, Shift-Dir - straight line, f - eight-headed hydra
Aim: an eight-headed hydra (heavily wounded, chance to affect: 30%)
Okay, then.
Aiming: Iceblast
Press: ? - help, Shift-Dir - straight line The mass of ice explodes!
The iceblast engulfs the eight-headed hydra!
The eight-headed hydra is severely wounded.
You hear a shout!
The eight-headed hydra closely misses you.
The eight-headed hydra bites you. x2; The eight-headed hydra bites you!
The eight-headed hydra barely misses you.
The eight-headed hydra bites you but does no damage.
The eight-headed hydra bites you.
The eight-headed hydra barely misses you.
The eight-headed hydra bites you!
* * * LOW HITPOINT WARNING * * *
The eight-headed hydra bites you but does no damage. x2
The eight-headed hydra bites you!
* * * LOW HITPOINT WARNING * * *
The eight-headed hydra barely misses you.
The eight-headed hydra bites you!
You die...

.# ≈≈..#...+.........# .#
PP.P#...#.......... .#
##♣..##...#..........
.#+###
#....#....#..####...#
...... .##
##..##....#..####'###
......
.'..#....#.[..#.........#
......
#............'......>..#
......
###..........#..####...#
......
.............########...#
......
......##D....#..........#
...... ......
#@....#..........# .#+###
#............#..........#
.#
#............#......>...#
.#
+............#..........#
.##+##
#............##....##...#
.....#
#........######....##...#
.....# +........#
#.........' .....#
#........# #.........#
.....# #........#
#.........# ...<.#
#........# #.........#
.....# #....[...#
#.........#


You could see an eight-headed hydra.

Vanquished Creatures
  Pikel (D:5)
  Prince Ribbit (D:5)
  Eustachio (D:5)
  Edmund (D:5)
  A water moccasin (D:5)
  Duvessa (D:5)
  2 ice beasts (D:6)
  A hornet zombie (D:7)
  3 ogres
  2 necrophages (D:6)
  A lemure (D:5)
  3 bullfrogs
  A wyvern zombie (D:6)
  15 scorpions
  Dowan (D:5)
  A wight (D:6)
  A howler monkey (D:6)
  2 centaur zombies (Ossuary)
  A human zombie (Ossuary)
  2 hounds
  A bullfrog skeleton (D:4)
  4 orc priests
  A jelly (D:6)
  4 iguanas
  4 scorpion zombies (Ossuary)
  5 orc wizards
  A hound skeleton (D:4)
  3 mummies (Ossuary)
  Robin (D:2)
  3 gnolls (D:5)
  10 adders
  A shadow imp (D:6)
  An ufetubus (D:6)
  An adder zombie (D:5)
  An adder skeleton (D:4)
  4 worms
  2 dart slugs
  19 orcs
  6 endoplasms
  8 giant cockroaches
  3 gnoll zombies (Ossuary)
  16 goblins
  9 hobgoblins
  4 jackals
  7 quokkas
  14 ball pythons
  2 bats
  5 frilled lizards
  A goblin zombie (Ossuary)
  4 hobgoblin zombies (Ossuary)
  6 kobolds
  3 kobold zombies (Ossuary)
  An orc zombie (Ossuary)
  8 rats
205 creatures vanquished.

Vanquished Creatures (others)
  5 plants (D:7)
5 creatures vanquished.

Grand Total: 210 creatures vanquished

Notes
Turn   | Place    | Note
-------+----------+-------------------------------------------
     0 | D:1      | grimtooth the Gargoyle Ice Elementalist began the quest for
                  | the Orb.
     0 | D:1      | Reached XP level 1. HP: 10/10 MP: 3/3
    42 | D:1      | - pretty god damn ridiculous
    44 | D:1      | - phew
   504 | D:1      | Reached XP level 2. HP: 15/15 MP: 0/5
   782 | D:1      | Found a faded altar of an unknown god.
  1370 | D:2      | Reached XP level 3. HP: 18/19 MP: 7/7
  1474 | D:2      | Noticed Robin
  1491 | D:2      | Killed Robin
  1517 | D:2      | Reached XP level 4. HP: 22/24 MP: 8/8
  2032 | D:2      | Reached skill level 5 in Ice Magic
  2163 | D:2      | Learned a level 3 spell: Ozocubu's Armour
  2167 | D:2      | Learned a level 3 spell: Frozen Ramparts
  2424 | D:3      | Found a glowing drain.
  2443 | Sewer    | Entered a sewer
  2502 | Sewer    | Reached XP level 5. HP: 28/28 MP: 10/10
  2669 | Sewer    | Reached skill level 6 in Ice Magic
  2669 | Sewer    | Reached XP level 6. HP: 32/32 MP: 12/12
  2712 | Sewer    | Identified the +1 pair of gloves of the Bull {rPois}
  3521 | D:4      | Found a snail-covered altar of Cheibriados.
  3562 | D:4      | Reached skill level 7 in Ice Magic
  3604 | D:4      | Reached XP level 7. HP: 18/36 MP: 13/13
  4172 | D:4      | Reached skill level 8 in Ice Magic
  4308 | D:4      | Found an ornate altar of the Wu Jian Council.
  4691 | D:4      | Found a radiant altar of Vehumet.
  4878 | D:5      | Entered Level 5 of the Dungeon
  4878 | D:5      | Noticed Duvessa
  4878 | D:5      | Noticed Dowan
  4878 | D:5      | Noticed Prince Ribbit
  4879 | D:5      | - sweet stairway
  4883 | D:5      | Killed Dowan
  4884 | D:5      | Killed Duvessa
  4885 | D:5      | Reached skill level 9 in Ice Magic
  4885 | D:5      | Reached XP level 8. HP: 36/41 MP: 14/14
  4886 | D:5      | Killed Prince Ribbit
  5060 | D:5      | Found a staircase to the Ecumenical Temple.
  5125 | D:5      | Reached skill level 5 in Fighting
  5269 | D:5      | Noticed Edmund
  5276 | D:5      | Learned a level 4 spell: Hailstorm
  5286 | D:5      | Killed Edmund
  5287 | D:5      | Reached skill level 1 in Conjurations
  5318 | D:5      | Noticed Pikel
  5325 | D:5      | Killed Pikel
  5326 | D:5      | Reached skill level 5 in Conjurations
  5326 | D:5      | Reached XP level 9. HP: 52/55 MP: 15/15
  5480 | D:5      | Noticed Eustachio
  5614 | D:5      | Killed Eustachio
  5838 | Temple   | Entered the Ecumenical Temple
  5845 | Temple   | Became a worshipper of Sif Muna the Loreminder
  5938 | D:6      | Reached skill level 1 in Maces & Flails
  6003 | D:6      | Found a sand-covered staircase.
  6008 | Ossuary  | Entered an ossuary
  6067 | Ossuary  | Reached skill level 1 in Short Blades
  6472 | Ossuary  | Reached * piety under Sif Muna
  7046 | D:6      | Reached XP level 10. HP: 52/60 MP: 16/16
  7411 | D:6      | Reached skill level 5 in Maces & Flails
  7685 | D:6      | Reached skill level 5 in Short Blades
  7951 | D:7      | Noticed an eight-headed hydra
  7963 | D:7      | HP: 1/60 [eight-headed hydra (11)]
  7963 | D:7      | Mangled by an eight-headed hydra

Illustrated notes

#####P#...♣..r
##P.'.♣#.♣...#
#P♣.#P.#.P♣..# #
#P..####.....#.#
#P..P#.P.......#
#♣...'......P..#
#P<..'...♣.♣..$#
#♣...#...P.P.#.#
#♣..####.......#
#PP.#.P#.......#
##P.r@.#.♣.....#
#####♣#...♣...#
#P.P♣..## #P...
.# #..


Turn 42 on D:1: - pretty god damn ridiculous #####P#...♣..r ##P.'.♣#.♣...#
#P♣.#P.#.P♣..# # #P..####.....#.# #P..P#.P.......# #♣...'......P..#
#P<..'...♣.♣..$# #♣...#...P.P.#.# #♣..####.......# #PP.#.P#.......#
##P.'†@#.♣.....# #####♣#...♣...# #P.P♣..## #P... .# #.. Turn 44 on D:1: - phew
## ##### ###.# ## .......(e. ..# ......#.. e. .....(..#.#..## ..$....@.......
..$.....#.#..## ......... .. [..>.F.##. #.# ######. .# # #. # #. .. Turn 4879 on
D:5: - sweet stairway

Levels and vault maps discovered:
D:1:      denvon_arrival_planthouse, layout_basic,
          dreamdust_ecumenical_altar_hidden_monk_grotto
D:2:      layout_basic, minmay_between, uniq_robin
D:3:      layout_loops_ring, portal_sewer_entry_b
D:4:      minmay_angry_zag, layout_basic, lemuel_round_altar,
          mainiacjoe_overflow_catch_the_wave, chequers_mini_garden,
          kennysheep_opposing_triangles
D:5:      layout_loops_ring, minmay_temple_entry_proselytizer, uniq_pikel,
          uniq_edmund, uniq_eustachio, uniq_duvessa, uniq_prince_ribbit1
D:6:      kennysheep_six_static_rooms, layout_basic, enter_ossuary_2,
          glass_columns_a, grunt_tough_drop
D:7:      layout_gridville, hellmonk_guarded_unrand_vines, uniq_harold,
          uniq_joseph
Temple:   nicolae_temple_no_exploring_needed

Skill      XL: |  1  2  3  4  5  6  7  8  9 10 |
---------------+-------------------------------+-----
Spellcasting   | 3 4 |  4.0
Ice Magic      | 5 6 7 9 |  9.0
Fighting       | 6 |  6.0
Conjurations   | 5 6 |  6.0
Maces & Flails | 4 5 |  5.7
Short Blades   | 4 5 |  5.2
Dodging        | |  1.5
Stealth        | |  2.1

Action                   |  1- 3 |  4- 6 |  7- 9 | 10-12 || total
-------------------------+-------+-------+-------+-------++-------
Melee: Unarmed           |     1 |       |       |       ||     1
       Dagger            |     9 |    69 |   125 |    28 ||   231
       Whip              |       |       |     6 |       ||     6
 Fire: Hunting sling     |    41 |    47 |    45 |       ||   133
Throw: Dart              |     7 |    10 |    47 |     8 ||    72
 Cast: Freeze            |    29 |    46 |    38 |     6 ||   119
       Frozen Ramparts   |       |     2 |    37 |     3 ||    42
       Ozocubu's Armour  |       |     2 |    28 |     6 ||    36
       Hailstorm         |       |       |    31 |    11 ||    42
Evoke: Wand              |       |       |       |     1 ||     1
  Use: Scroll            |       |       |     9 |     2 ||    11
 Stab: Sleeping          |       |     1 |       |     1 ||     2
Armor: Robe              |     8 |     3 |       |       ||    11
       Animal skin       |       |    46 |    85 |    16 ||   147
Dodge: Dodged            |    19 |    64 |    89 |    19 ||   191
